 Dungeon Crawl Stone Soup version 0.28-a0-664-gc179e30c89 (webtiles) character file.

Game seed: 4707846645238261763

147 ytrimaz the Ducker (level 5, -11/34 (36) HPs)
             Began as an Octopode Fighter on Oct 16, 2021.
             Mangled by Crazy Yiuf (17 damage)
             ... on level 3 of the Dungeon.
             The game lasted 00:05:21 (3946 turns).

ytrimaz the Ducker (Octopode Fighter)               Turns: 3946, Time: 00:05:22

HP:   -11/34 (36)   AC:  1    Str: 22    XL:     5   Next: 29%
MP:   5/5           EV: 14    Int: 15    God:
Gold: 1170          SH:  6    Dex: 12    Spells: 4/4 levels left

rFire   + . .      SeeInvis .   a - +0 rapier
rCold   . . .      Faith    .   b - +1 buckler
rNeg    . . .      Spirit   .   (helmet restricted)
rPois   .          Reflect  .   (no amulet)
rElec   .          Harm     .   e - +6 ring of strength
rCorr   .          Rampage  .   f - ring of flight
Will    +....                   d - ring of New Discoveries {Wiz rF+ Will+ Int+5}
Stlth   ++........              (no ring)
HPRegen 0.11/turn               (no ring)
MPRegen 0.09/turn               (no ring)
                                (no ring)
                                (no ring)

@: mighty, lethally poisoned (-11 -> -25), flying, drained
A: almost no armour, amphibious, 8 rings, camouflage 1, gelatinous body 1,
(nimble swimmer 1), tentacles
a: no special abilities


You were on level 3 of the Dungeon.
You visited 1 branch of the dungeon, and saw 4 of its levels.
You also visited: Sewer.

You collected 1170 gold pieces.

Inventory:

Hand Weapons
 a - a +0 rapier (weapon)
Missiles
 j - a throwing net (quivered)
Armour
 b - a +1 buckler (worn)
Jewellery
 d - the ring of New Discoveries (on tentacle) {Wiz rF+ Will+ Int+5}
   (You acquired it on level 1 of the Dungeon)

   [ring of wizardry]

   It improves your spell success rate.
   Int:       It affects your intelligence (+5).
   rF:        It protects you from fire.
   Will:      It increases your willpower.
 e - a +6 ring of strength (left tentacle)
 f - a ring of flight (right tentacle)
Scrolls
 k - a scroll of enchant armour
 l - a scroll of teleportation
 m - a scroll of amnesia
Potions
 c - 2 potions of might
 g - a potion of lignification {unknown}
 h - a potion of brilliance {unknown}
 i - a potion of experience {unknown}
 n - a potion of invisibility {unknown}
 o - a potion of heal wounds {unknown}


   Skills:
 - Level 3.0 Fighting
 - Level 2.0 Short Blades
 * Level 5.2 Dodging
 - Level 4.0 Shields


You had 4 spell levels left.
You didn't know any spells.
Your spell library contained the following spells:

 Spells                   Type           Power      Damage    Failure   Level
 Sting                    Tmut/Pois      0%         1d3       11%         1
 Poisonous Vapours        Pois/Air       0%         N/A       16%         2
 Olgreb's Toxic Radiance  Pois           0%         N/A       69%         4


Dungeon Overview and Level Annotations

Branches:
Dungeon (4/15)              Sewer (visited)
 Temple: D:4-7

Altars:

Annotations:
D:3 2 transporters, Crazy Yiuf; cheechan's ghost, amateur OpBe


Innate Abilities, Weirdness & Mutations

You cannot wear most types of armour.
You are amphibious.
You can wear up to eight rings at the same time.
Your skin changes colour to match your surroundings (Stealth+).
Your rubbery body absorbs attacks. (AC +1, EV +1)
((You are camouflaged near water. (Stealth+)))
You have tentacles for arms and can constrict up to eight enemies at once.


Message History

You kill the hobgoblin!
Found a robe.
You see here a hobgoblin corpse.
You see here a +0 robe.
You see here a hobgoblin corpse.
You see here a +0 hand axe.
You see here 16 arrows.
Things that are here:
3 stones; a +0 short sword
Things that are here:
3 stones; a +0 short sword Key pressed, stopping explore.
You see here 16 arrows.
You see here a +0 hand axe.
Key pressed, stopping explore.
You reach down and open the door.
Crazy Yiuf shouts!
You block Crazy Yiuf's attack.
There is an open translucent door here.
You hit Crazy Yiuf. You grab Crazy Yiuf.
Crazy Yiuf is lightly wounded.
You constrict Crazy Yiuf, but do no damage.
Crazy Yiuf laughs, "Ten sallow hand!"
Crazy Yiuf hits you with a +3 quarterstaff of chaos!
You feel drained.
You hit Crazy Yiuf but do no damage.
Crazy Yiuf is lightly wounded.
You constrict Crazy Yiuf.
Crazy Yiuf screams, "Shower!"
Crazy Yiuf hits you with a +3 quarterstaff of chaos!
Ouch! That really hurt!
* * * LOW HITPOINT WARNING * * *
You are lethally poisoned!
You feel very mighty all of a sudden.
You constrict Crazy Yiuf.
* * * LOW HITPOINT WARNING * * *
You feel very sick.
Crazy Yiuf hits you with a +3 quarterstaff of chaos!
Ouch! That really hurt!
You die...

#.#.#
#######.####..#Z.
#.#.# #.# #..#..
##### #.# #..#W.
#.# #..#.. #####
##.# #..#.. #####
#)..# #..# #..###
#...# #...# ####
#..... #.###
#.g.#
#######..... #.#
#@# #........(..
#.# #.##
#########...
##.## ##.#
######.# ##...##
#.## #......>
#.....# ##.#
#.####.# #....##
##.## #.#....#
##.#.## ##PP.#
#.#.##.# ##....#
#P...#
#####.#.##.#
####.#.#.# #....#
#)..#.#....#


You could see Crazy Yiuf.

Vanquished Creatures
  4 gnolls
  3 adders (Sewer)
  4 dart slugs
  3 endoplasms (D:1)
  3 giant cockroaches (D:3)
  3 goblins
  8 hobgoblins
  9 jackals
  7 kobolds
  3 quokkas
  7 ball pythons
  4 bats
  7 frilled lizards
  6 rats
71 creatures vanquished.

Vanquished Creatures (others)
  18 plants (Sewer)
18 creatures vanquished.

Grand Total: 89 creatures vanquished

Notes
Turn   | Place    | Note
-------+----------+-------------------------------------------
     0 | D:1      | ytrimaz the Octopode Fighter began the quest for the Orb.
     0 | D:1      | Reached XP level 1. HP: 16/16 MP: 1/1
   127 | D:1      | Reached XP level 2. HP: 18/21 MP: 2/2
   648 | D:1      | Reached XP level 3. HP: 26/26 MP: 3/3
   745 | D:1      | Identified a scroll of acquirement
   745 | D:1      | Acquired the ring of New Discoveries {Wiz rF+ Will+ Int+5}
  1774 | D:3      | Found a glowing drain.
  1794 | Sewer    | Entered a sewer
  1797 | Sewer    | Acquired 1073 gold pieces
  1840 | Sewer    | Reached skill level 4 in Dodging
  1840 | Sewer    | Reached XP level 4. HP: 25/31 MP: 4/4
  2771 | D:3      | Found a transporter.
  2773 | D:3      | Noticed cheechan's ghost (amateur OpBe)
  2898 | D:3      | Found a runed translucent door.
  2899 | D:3      | Noticed Crazy Yiuf
  3039 | D:4      | Reached XP level 5. HP: 31/36 MP: 5/5
  3377 | D:3      | Reached skill level 5 in Dodging
  3535 | D:3      | Noticed a phantom
  3538 | D:3      | Found a transporter.
  3725 | D:3      | Found a faded altar of an unknown god.
  3946 | D:3      | Mangled by Crazy Yiuf

Illustrated notes

Levels and vault maps discovered:
D:1:      saegor_arrival_simple_b, layout_basic
D:2:      layout_loops_ring
D:3:      layout_loops_ring, gammafunk_ghost_mausoleum,
          chequers_ecumenical_altar_grove, portal_sewer_entry_f, nrook_campfire,
          kennysheep_pointless_box, uniq_crazy_yiuf_cottage
D:4:      layout_basic, uniq_blork_the_orc

Skill      XL: |  1  2  3  4  5 |
---------------+----------------+-----
Dodging        | 4 5 |  5.2
Shields        | 4 |  4.0
Fighting       | |  3.0
Short Blades   | |  2.0

Action                   |  1- 3 |  4- 6 || total
-------------------------+-------+-------++-------
Melee: Rapier            |    70 |    53 ||   123
       Constrict         |    23 |    12 ||    35
       Tentacles         |    13 |    11 ||    24
  Use: Scroll            |     4 |     6 ||    10
       Potion            |       |     2 ||     2
 Stab: Sleeping          |     7 |     4 ||    11
Armor: Skin              |     6 |     4 ||    10
Dodge: Dodged            |    32 |    58 ||    90
Block: Buckler           |    10 |    23 ||    33

Table legend: (Time is in decaauts)
 A = Elapsed time spent in this place.
 B = Non-inter-level travel time spent in this place.
 C = Inter-level travel time spent in this place.
 D = Time resting spent in this place.
 E = Time spent auto-exploring this place.
 F = Levels seen in this place.
 G = Mean time per level.
                   A        B        C        D        E       F      G
               +--------+--------+--------+--------+--------+-----+--------+
         Total |   3974 |   3948 |     26 |    661 |   2452 |   5 |  794.8 |
       Dungeon |   3040 |   3014 |     26 |    334 |   2089 |   4 |  760.0 |
         Sewer |    933 |    933 |      0 |    327 |    363 |   1 |  933.0 |
               +--------+--------+--------+--------+--------+-----+--------+

Top non-repeatable levels by time:
     D:3: 1307 daAuts
   Sewer: 933 daAuts
     D:2: 822 daAuts
     D:1: 767 daAuts
     D:4: 142 daAuts
